 Dungeon Crawl Stone Soup version 0.21-a0-401-g0b6bec4 (webtiles) character file.

1059 kae the Digger (level 8, -17/41 HPs)
             Began as a Gargoyle Earth Elementalist on Oct 23, 2017.
             Demolished by an orc warrior
             ... wielding a +0 hand axe
              (18 damage)
             ... on level 6 of the Dungeon.
             The game lasted 00:08:43 (7244 turns).

kae the Digger (Gargoyle Earth Elementalist)        Turns: 7244, Time: 00:08:44

Health: -17/41     AC:  9    Str: 12    XL:     8   Next: 27%
Magic:  6/16       EV: 12    Int: 18    God:
Gold:   181        SH:  0    Dex: 10    Spells: 13/17 levels left

rFire    + . .     SeeInvis .   i - +1 club
rCold    x . .     Gourm    .   (no shield)
rNeg     + . .     Faith    .   c - +1 robe
rPois    ∞         Spirit   .   (no helmet)
rElec    +         Reflect  .   k - +0 cloak
rCorr    .         Harm     .   (no gloves)
MR       +....                  (no boots)
Stlth    ++........             (no amulet)
HPRegen  0.13/turn              C - ring of protection from magic
MPRegen  0.15/turn              m - ring of fire

@: no status effects
A: negative energy resistance 1, electricity resistance, unbreathing,
petrification resistance, rot immunity, AC +5
a: no special abilities


You were on level 6 of the Dungeon.
You were hungry.

You visited 1 branch of the dungeon, and saw 6 of its levels.
You also visited: Sewer.

You collected 281 gold pieces.
You spent 100 gold pieces at shops.

Inventory:

Hand Weapons
 i - a +1 club (weapon)
Missiles
 b - 147 stones (quivered)
Armour
 c - a +1 robe (worn)
 k - a +0 cloak (worn)
Jewellery
 a - an uncursed ring of protection from magic
 m - a ring of fire (right hand)
 C - a ring of protection from magic (left hand)
Wands
 h - a wand of polymorph (7/24)
 r - a wand of scattershot (4/9)
Scrolls
 f - 2 scrolls of identify
 n - a scroll of enchant weapon
 p - a scroll of immolation
 z - 3 scrolls of remove curse
 A - a scroll of magic mapping
 E - a scroll of teleportation
Potions
 j - 2 potions of cancellation
 l - 3 potions of curing
 q - a potion of mutation {unknown}
 s - 3 potions of flight
 u - a potion of brilliance
 v - 4 potions of heal wounds
 w - 2 potions of might
 x - 4 potions of agility
 B - 2 potions of lignification
Books
 e - a book of Geomancy

   Spells                             Type                      Level
   a - Sandblast                      Earth                        1
   b - Passwall                       Transmutation/Earth          2
   c - Stone Arrow                    Conjuration/Earth            3
   d - Petrify                        Transmutation/Earth          4
   e - Lee's Rapid Deconstruction     Earth                        5
 o - a book of Misfortune

   Spells                             Type                      Level
   a - Confusing Touch                Hexes                        1
   b - Confuse                        Hexes                        3
   c - Gell's Gravitas                Translocation                3
   d - Petrify                        Transmutation/Earth          4
   e - Metabolic Englaciation         Hexes/Ice                    5
   f - Yara's Violent Unravelling     Hexes/Transmutation          5
 y - a book of Cantrips

   Spells                             Type                      Level
   a - Confusing Touch                Hexes                        1
   b - Animate Skeleton               Necromancy                   1
   c - Summon Small Mammal            Summoning                    1
   d - Apportation                    Translocation                1
Comestibles
 d - 4 bread rations
 g - 5 meat rations
 t - a royal jelly
 D - 4 chunks of flesh


   Skills:
 - Level 1.5 Dodging
 - Level 2.1 Stealth
 + Level 5.4 Spellcasting
 + Level 5.4 Conjurations
   Level 0.7 Transmutations
 + Level 7.6 Earth Magic


You had 13 spell levels left.
You knew the following spells:

 Your Spells              Type           Power        Failure   Level  Hunger
a - Sandblast             Erth           ####..       1%          1    None
b - Stone Arrow           Conj/Erth      ####..       2%          3    ##.....


Dungeon Overview and Level Annotations

Branches:
Dungeon (6/15)
 Temple: D:4-7

Altars:
Ashenzari
Gozag
Makhleb
Nemelex Xobeh
Qazlal
Sif Muna
Uskayaw
Xom

Shops:
D:4 !}*(


Innate Abilities, Weirdness & Mutations

You are resistant to torment.
Your stone body is resilient. (AC +5)
You are immune to poison.
You resist negative energy. (rN+)
You are resistant to electric shocks. (rElec)
You can survive without breathing.
You are immune to petrification.
You are immune to rotting.


Message History

Aiming: Sandblast
Press: ? - help, Shift-Dir - straight line, f/p - orc warrior
Aim: an orc warrior, wielding a hand axe and wearing a plate armour (heavily wounded)
The blast of sand hits the orc warrior.
The orc warrior is heavily wounded.
b - 148 stones The orc wizard casts a spell.
The orc wizard blinks!
The orc warrior hits you with a hand axe!
* * * LOW HITPOINT WARNING * * *
Casting: Sandblast
Confirm with . or Enter, or press ? or * to list all spells.
Aiming: Sandblast
Press: ? - help, Shift-Dir - straight line, f/p - orc warrior
Aim: an orc warrior, wielding a hand axe and wearing a plate armour (heavily wounded)
The blast of sand hits the orc warrior.
The orc warrior is heavily wounded.
b - 147 stones The orc warrior hits you with a hand axe!!
You die...

.............#
.............#
.............#
.............#
...).........######.#
.....................
........#####.######
<........#......(#
..####.#.#.##.##@#
..# #.#.#.##.##o# ...
..# .....##o########
#... ..#
.###............
#......# .
#.##.###.####
#......#
.##.#..........
#####.
...............
..#.###.#o.#### #.
#.#o.o.


You could see an orc warrior and an orc.

Vanquished Creatures
  Duvessa (D:5)
  A black bear (D:6)
  A phantom (D:5)
  A big kobold (Sewer)
  Blork the orc (D:5)
  Dowan (D:5)
  A crimson imp (D:4)
  2 hounds (D:4)
  2 orc priests (D:4)
  An iguana (D:5)
  2 orc wizards (D:4)
  2 worker ants (D:4)
  7 gnolls
  A howler monkey skeleton (D:4)
  8 adders
  4 oozes
  An adder zombie (D:4)
  5 worms
  2 dart slugs (D:2)
  5 leopard geckos
  10 orcs
  6 giant cockroaches
  5 goblins
  15 hobgoblins
  4 jackals
  6 quokkas
  5 ball pythons
  11 bats
  7 frilled lizards
  16 kobolds
  8 rats
142 creatures vanquished.

Notes
Turn   | Place    | Note
-------+----------+-------------------------------------------
     0 | D:1      | kae the Gargoyle Earth Elementalist began the quest for the Orb.
     0 | D:1      | Reached XP level 1. HP: 10/10 MP: 3/3
   282 | D:1      | Reached XP level 2. HP: 11/15 MP: 5/5
   432 | D:1      | Reached skill level 4 in Earth Magic
  1358 | D:1      | Reached XP level 3. HP: 19/19 MP: 6/6
  1363 | D:1      | Learned a level 3 spell: Stone Arrow
  2169 | D:2      | Reached skill level 1 in Conjurations
  2318 | D:2      | Reached XP level 4. HP: 24/24 MP: 8/8
  2961 | D:2      | Found a hide-covered altar of Uskayaw.
  2963 | D:2      | Found a shattered altar of Ashenzari.
  2965 | D:2      | Found a deep blue altar of Sif Muna.
  2966 | D:2      | Found an opulent altar of Gozag.
  2967 | D:2      | Found a stormy altar of Qazlal.
  3112 | D:3      | Reached skill level 5 in Earth Magic
  3138 | D:3      | Reached XP level 5. HP: 17/28 MP: 2/9
  3326 | D:3      | Found a glowing drain.
  3413 | Sewer    | Entered a sewer
  3615 | Sewer    | Noticed a big kobold
  3626 | Sewer    | Killed a big kobold
  4030 | Sewer    | Reached XP level 6. HP: 31/32 MP: 11/11
  4264 | D:3      | Found a burning altar of Makhleb.
  4265 | D:3      | Found a sparkling altar of Nemelex Xobeh.
  4906 | D:4      | Found Vaor's Distillery.
  4910 | D:4      | Bought a potion of degeneration for 12 gold pieces
  5076 | D:4      | Found Bexzur's Gadget Shoppe.
  5122 | D:4      | Found Inoxt's Assorted Antiques.
  5125 | D:4      | Bought a scroll labeled NOREOGR SAODAQ for 22 gold pieces
  5125 | D:4      | Bought a scroll labeled HAHONL UFEM for 22 gold pieces
  5125 | D:4      | Bought a scroll labeled NOREOGR SAODAQ for 22 gold pieces
  5125 | D:4      | Bought a scroll labeled RIF ULINLI for 22 gold pieces
  5265 | D:4      | Reached skill level 6 in Earth Magic
  5302 | D:4      | Reached XP level 7. HP: 24/36 MP: 4/13
  5846 | D:4      | Found Sol Qiun's Antique Weapon Emporium.
  6239 | D:5      | Entered Level 5 of the Dungeon
  6334 | D:5      | Noticed Dowan
  6339 | D:5      | Noticed Duvessa
  6358 | D:5      | Killed Dowan
  6358 | D:5      | Reached skill level 7 in Earth Magic
  6575 | D:5      | Noticed Blork the orc
  6581 | D:5      | Killed Blork the orc
  6581 | D:5      | Reached skill level 5 in Spellcasting
  6581 | D:5      | Reached skill level 5 in Conjurations
  6581 | D:5      | Reached XP level 8. HP: 36/41 MP: 2/15
  6865 | D:5      | Killed Duvessa
  7128 | D:6      | Found a shimmering altar of Xom.
  7243 | D:6      | HP: 1/41 [orc warrior/hand axe (14)]
  7244 | D:6      | Demolished by an orc warrior

Vault maps used:
D:1:      nzn_arrival_settlement, roderic_lattice_a
D:2:      minitemple, minmay_misc_feat_diagonals
D:3:      chequers_temple_overflow_statue_of_worship,
          cheibrodos_sewer_entry_drain, first_bread, minmay_ruptured
D:4:      serial_shops, kennysheep_mini_moat, nicolae_shop_statue_plus,
          kennysheep_mini, shop
D:5:      uniq_duvessa, uniq_blork_the_orc
D:6:      basic_altar, minmay_misc_feat_more_columns
Sewer:    kennysheep_pipe_town

Skill      XL: |  1  2  3  4  5  6  7 |
---------------+----------------------+-----
Earth Magic    | 4 5 6 7 |  7.6
Conjurations   | 1 2 3 5 |  5.4
Spellcasting   | 3 4 5 |  5.4
Dodging        | |  1.5
Stealth        | |  2.1
Transmutations | |  0.7

Action                   |  1- 3 |  4- 6 |  7- 9 || total
-------------------------+-------+-------+-------++-------
Melee: Unarmed           |    39 |       |       ||    39
       Club              |    88 |   305 |    78 ||   471
 Cast: Sandblast         |    23 |    63 |    48 ||   134
       Stone Arrow       |     2 |    23 |    11 ||    36
  Use: Scroll            |     3 |    12 |     2 ||    17
       Potion            |       |     3 |       ||     3
 Stab: Sleeping          |     3 |     3 |     2 ||     8
  Eat: Chunk             |     5 |    13 |     6 ||    24
Armor: Robe              |    47 |   200 |    62 ||   309
Dodge: Dodged            |   109 |   389 |    78 ||   576

Table legend:
 A = Spawn XP
 B = Non-spawn XP
 C = Spawn XP percentage of total XP
 D = Spawn monster count
 E = Non-spawn monster count
 F = Spawn count percentage of total count
 G = Total turns spent on level
                    A         B        C        D         E        F      G
               +---------+---------+-------+---------+---------+-------+---------
         Total |       0 |    1514 |   0.0 |       0 |     142 |   0.0 |  7244
               +---------+---------+-------+---------+---------+-------+---------
           D:1 |       0 |      38 |   0.0 |       0 |      22 |   0.0 |  1724
           D:2 |       0 |      95 |   0.0 |       0 |      23 |   0.0 |  1310
           D:3 |       0 |     148 |   0.0 |       0 |      33 |   0.0 |  1110
           D:4 |       0 |     459 |   0.0 |       0 |      26 |   0.0 |  1469
           D:5 |       0 |     487 |   0.0 |       0 |      11 |   0.0 |   810
           D:6 |       0 |     142 |   0.0 |       0 |       3 |   0.0 |    93
         Sewer |       0 |     145 |   0.0 |       0 |      24 |   0.0 |   728
               +---------+---------+-------+---------+---------+-------+---------
